 Dungeon Crawl Stone Soup version 0.14-a0-2730-g72a2965 (webtiles) character file.

65 MackTheKnife the Ruffian (level 2, -5/19 HPs)
             Began as a Gargoyle Monk on Feb 20, 2014.
             Slain by a worm (8 damage)
             ... on Level 2 of the Dungeon.
             The game lasted 00:01:04 (770 turns).

MackTheKnife the Ruffian (Gargoyle Monk)             Turns: 770, Time: 00:01:04

HP  -5/19        AC  4     Str 14      XL: 2   Next: 91%
MP   2/2         EV 12     Int 10      God:
Gold 43          SH  0     Dex 12      Spells:  0 memorised,  1 level left

rFire  . . .     SeeInvis .       - Unarmed
rCold  . . .     Clarity  .     a - +0 robe
rNeg   + . .     Conserve .     (no shield)
rPois  +         rCorr    .     (no helmet)
rElec  +         rRot     +     (no cloak)
SustAb . .       Spirit   .     (no gloves)
rMut   .         Warding  .     (no boots)
Saprov . . .     Stasis   .     (no amulet)
MR     .....                    (no ring)
                                (no ring)

@: not resistant to hostile enchantments, fairly stealthy
A: life protection 1, electricity resistance, unbreathing, petrification
resistance, AC +2
a: no special abilities


You were on level 2 of the Dungeon.
You were not hungry.

You visited 1 branch of the dungeon, and saw 2 of its levels.

You collected 43 gold pieces.


Innate Abilities, Weirdness & Mutations

You are resistant to torment.
You are immune to poison.
Your stone body is very resilient (AC +2).
You resist negative energy.
You are resistant to electric shocks.
You can survive without breathing.
You are immune to petrification.


   Skills:
 - Level 3.2 Fighting
 - Level 2.4 Dodging
 - Level 2.1 Stealth
 + Level 5.3 Unarmed Combat


You had one spell level left.
You didn't know any spells.

Inventory:

Hand weapons
 f - a +2,+2 short sword of draining
Armour
 a - a +0 robe (worn)
Comestibles
 b - a bread ration
 g - an apple
Scrolls
 c - a scroll of fear {unknown}
 d - 2 scrolls of identify {unknown}
 e - a scroll of remove curse {unknown}

▒▒▒▒ ···▒▒
▒▒▒▒▒···▒
▒<·▒▒···▒
▒···▒···▒ ·
▒▒·'▒···▒+
≈···▒▒▒·····▒▒▒·▒
▒······/·r······▒
▒·······9♣······▒
▒·······w%······▒
····▒▒▒b····▒▒▒▒
··▒ ·▒···▒·· +
··▒···▒···▒
<·▒▒···▒ ·> ▒▒▒
▒···▒ ▒▒▒▒▒


You could see a worm, a bat and a rat.


Message History

The bat misses you.
Found a stone staircase leading up and a stone staircase leading down.
You closely miss the bat. The bat barely misses you.
You barely miss the worm. The bat closely misses you.
You barely miss the worm. The bat misses you. The worm bites you.
You hit the worm but do no damage. The bat barely misses you.
You hit the worm.
The worm is lightly wounded.
The bat closely misses you. The ball python barely misses you.
The ball python grabs you. The ball python constricts you. The worm bites you!
* * * LOW HITPOINT WARNING * * *
You barely miss the ball python.
The ball python bites you but does no damage.
* * * LOW HITPOINT WARNING * * *
The ball python constricts you. The bat barely misses you.
You hit the ball python.
The ball python is heavily wounded.
The bat hits you but does no damage. The ball python bites you.
* * * LOW HITPOINT WARNING * * *
The ball python constricts you. The worm completely misses you.
You closely miss the ball python.
The ball python is heavily wounded.
The bat hits you but does no damage. The ball python barely misses you.
* * * LOW HITPOINT WARNING * * *
The ball python constricts you. The ball python misses you.
The ball python constricts you. The rat barely misses you.
You hit the ball python.
You kill the ball python!
The bat misses you. The worm bites you!
You die...

Action                   || total
-------------------------++-------
Melee: Unarmed           ||    82
 Stab: Sleeping          ||     3

Vault maps used:
D:1:      dpeg_arrival_morbid_curiosity
D:2:      fountainhead, grunt_ministairs_6, xom_obstacle_run, uniq_sigmund

Notes
Turn   | Place    | Note
--------------------------------------------------------------
     0 | D:1      | MackTheKnife, the Gargoyle Monk, began the quest for the Orb.
     0 | D:1      | Reached XP level 1. HP: 14/14 MP: 1/1
   154 | D:1      | Reached XP level 2. HP: 17/19 MP: 2/2
   446 | D:1      | Reached skill level 5 in Unarmed Combat
   770 | D:2      | Slain by a worm

Vanquished Creatures
  3 giant cockroaches (D:1)
  4 hobgoblins (D:1)
  5 kobolds (D:1)
  A ball python (D:2)
  3 goblins (D:1)
  4 rats (D:1)
20 creatures vanquished.
